 Dungeon Crawl Stone Soup version 0.25-a0-1130-g3926558f3a (webtiles) character file.

Game seed: 9350639367166506250, levelgen mode: deterministic

21862 nuthulu the Bludgeoner (level 12, -2/82 HPs)
             Began as a Gargoyle Fighter on Feb 8, 2020.
             Was the Champion of Okawaru.
             Slain by an eight-headed hydra simulacrum (6 damage)
             ... animated by a necromancer
             ... on level 14 of the Dungeon on May 19, 2020.
             The game lasted 00:26:45 (16171 turns).

nuthulu the Bludgeoner (Gargoyle Fighter)          Turns: 16171, Time: 00:26:46

Health: -2/82      AC: 33    Str: 22    XL:     12   Next: 94%
Magic:  6/12       EV:  4    Int: 12    God:    Okawaru [******]
Gold:   689        SH: 11    Dex: 12    Spells: 11/11 levels left

rFire    + . .     SeeInvis +   B - +9 morningstar of the Stork {elec, rF+ Int+3}
rCold    . . .     Gourm    .   c - +1 kite shield
rNeg     + + .     Faith    .   r - +0 plate armour
rPois    ∞         Spirit   .   o - +0 helmet
rElec    +         Reflect  .   n - +2 cloak
rCorr    .         Harm     .   (no gloves)
MR       .....                  (no boots)
Stlth    ..........             t - amulet of Tomorrow {Acrobat rPois rN+}
HPRegen  0.23/turn              v - ring of Robustness {AC+8}
MPRegen  0.13/turn              u - ring of see invisible

@: finesse
A: negative energy resistance 1, electricity resistance, unbreathing,
petrification resistance, rot immunity, AC +8
a: Heroism, Finesse, Renounce Religion


You were on level 14 of the Dungeon.
You worshipped Okawaru.
Okawaru was exalted by your worship.
You were not hungry.

You visited 2 branches of the dungeon, and saw 15 of its levels.

You collected 689 gold pieces.

Inventory:

Hand Weapons
 a - a +1 antimagic flail
 w - a +0 morningstar
 x - the +10 lajatang "Huinuil" {vorpal, rC+, unknown}
   (Okawaru gifted it to you on level 10 of the Dungeon)

   It inflicts extra damage upon your enemies.
   It protects you from cold.
 A - the +3 rapier "Duico" {flame, *Slow rPois rN+ Int+4, unknown}
   (You found it on level 10 of the Dungeon)

   It has been specially enchanted to burn those struck by it, causing extra
   injury to most foes and up to half again as much damage against particularly
   susceptible opponents.
   It affects your intelligence (+4).
   It protects you from poison.
   It protects you from negative energy.
   It may slow you when you take damage.
 B - the +9 morningstar of the Stork (weapon) {elec, rF+ Int+3}
   (Okawaru gifted it to you on level 12 of the Dungeon)

   Occasionally, upon striking a foe, it will discharge some electrical energy
   and cause terrible harm.
   It affects your intelligence (+3).
   It protects you from fire.
Armour
 c - a +1 kite shield (worn)
 n - a +2 cloak (worn)
 o - a +0 helmet (worn)
 r - a +0 plate armour (worn)
 s - a scarf of resistance
 H - the +0 hat of Okheikoo {rElec rC- Int+7}
   (Okawaru gifted it to you on level 14 of the Dungeon)

   It affects your intelligence (+7).
   It makes you vulnerable to cold.
   It insulates you from electricity.
Jewellery
 b - an uncursed ring of positive energy
 q - an uncursed ring of resist corrosion
 t - the amulet of Tomorrow (around neck) {Acrobat rPois rN+}
   (You acquired it on level 9 of the Dungeon)

   [amulet of the acrobat]

   It helps you evade while moving and waiting.
   It protects you from poison.
   It protects you from negative energy.
 u - a ring of see invisible (right hand)
 v - the ring of Robustness (left hand) {AC+8}
   (You acquired it on level 9 of the Dungeon)

   [ring of protection]

   It affects your AC (+8).
Wands
 y - a wand of iceblast (7)
 C - a wand of digging (6)
Scrolls
 h - 2 scrolls of teleportation
 k - 4 scrolls of amnesia
 l - 3 scrolls of remove curse
 m - 2 scrolls of blinking
 D - a scroll of magic mapping
Potions
 d - 3 potions of might
 e - 2 potions of ambrosia
 g - a potion of curing
 i - 3 potions of haste
 j - 2 potions of magic
 p - 2 potions of flight
 z - 2 potions of heal wounds {unknown}
 E - 2 potions of lignification {unknown}
 F - a potion of mutation {unknown}
Comestibles
 f - 22 rations


   Skills:
 - Level 12.9 Fighting
 - Level 16.3 Maces & Flails
 + Level 4.4 Armour
 + Level 4.4 Shields


You had 11 spell levels left.
You didn't know any spells.
Your spell library contained the following spells:

 Spells                   Type           Power        Failure   Level  Hunger
 Animate Skeleton         Necr           N/A          100%        1    ##.....
 Beastly Appendage        Tmut           #.....       100%        1    ##.....
 Corona                   Hex            #......      100%        1    ##.....
 Freeze                   Ice            #...         100%        1    ##.....
 Pain                     Necr           #...         100%        1    ##.....
 Ensorcelled Hibernation  Hex/Ice        #.....       100%        2    ###....
 Slow                     Hex            #.......     100%        2    ###....
 Sticks to Snakes         Tmut           #.......     100%        2    ###....
 Confusing Touch          Hex            #.......     100%        3    ####...
 Dazzling Flash           Conj/Hex       #.....       100%        3    ####...
 Frozen Ramparts          Ice            #.....       100%        3    ####...
 Inner Flame              Hex/Fire       #.......     100%        3    ####...
 Ozocubu's Armour         Chrm/Ice       #.......     100%        3    ####...
 Portal Projectile        Hex/Tloc       #.....       100%        3    ####...
 Spider Form              Tmut/Pois      #.........   100%        3    ####...
 Tukima's Dance           Hex            #.......     100%        3    ####...
 Vampiric Draining        Necr           #.........   100%        3    ####...
 Animate Dead             Necr           N/A          100%        4    #####..
 Cause Fear               Hex            #.........   100%        4    #####..
 Hailstorm                Conj/Ice       #.......     100%        4    #####..
 Ice Form                 Ice/Tmut       #.......     100%        4    #####..
 Leda's Liquefaction      Hex/Erth       #.........   100%        4    #####..
 Summon Ice Beast         Ice/Summ       #.......     100%        4    #####..
 Agony                    Necr           #.......     100%        5    ######.
 Blade Hands              Tmut           #.........   100%        5    ######.


Dungeon Overview and Level Annotations

Branches:
Dungeon (14/15)            Temple (1/1) D:4            Lair (0/6) D:10
    Orc (0/2) D:9
 Vaults: D:13-14

Altars:
Ashenzari
Cheibriados
Dithmenos
Elyvilon
Fedhas
Gozag
Hepliaklqana
Kikubaaqudgha
Makhleb
Nemelex Xobeh
Okawaru
Qazlal
Ru
Sif Muna
Trog
Uskayaw
Vehumet
Wu Jian
Xom
Yredelemnul
Zin
The Shining One

Shops:
D:9 *


Innate Abilities, Weirdness & Mutations

You are resistant to torment.
Your stone body is resilient. (AC +8)
You are immune to poison.
You resist negative energy. (rN+)
You are resistant to electric shocks. (rElec)
You can survive without breathing.
You are immune to petrification.
You are immune to rotting.


Message History

Lightning courses through the necromancer!
The necromancer is heavily wounded.
The ice beast closely misses you.
Unknown command.
You barely miss the necromancer.
The necromancer is heavily wounded.
Unknown command.
You closely miss the necromancer.
The necromancer is heavily wounded.
You feel like a meek peon again.
The necromancer hits you but does no damage.
The ice beast barely misses you.
The eight-headed hydra simulacrum bites you but does no damage.
The eight-headed hydra simulacrum bites you.
* * * LOW HITPOINT WARNING * * *
The eight-headed hydra simulacrum freezes you!
* * * LOW HITPOINT WARNING * * *
You block the eight-headed hydra simulacrum's attack.
The eight-headed hydra simulacrum bites you.
You die...

.#.#
#)##.#.#.#.##.##
.#.#
#)#.#.....#.#.#
.'.#
#)(..#.#.#..+.#
.#.#
#.#.#.....#.#.#
.#.#
#.##.#.#.#.##..
##.#
#.#...#.#...#
#..
..##.#†..#.##
### #######Z####
#@# #pYQ.#
..#Z.# ####.## .
.# #


You could see a tengu warrior (soul bound), a necromancer, an ice beast, an
eight-headed hydra simulacrum and a centaur warrior skeleton.

Vanquished Creatures
  2 hydras (D:14)
  2 centaur warriors (D:14)
  Erolcha (D:10)
  5 two-headed ogres
  Pikel (D:4)
  3 cyclopes
  The ghost of Esekla the Magician, a novice OpWz of Elyvilon (D:5)
  An ugly thing (D:14)
  A deep elf mage (D:13)
  3 gargoyles
  A komodo dragon (D:10)
  4 trolls
  Prince Ribbit (D:8)
  3 hippogriffs
  2 shadows (D:11)
  A centaur simulacrum (D:14)
  2 wyverns
  2 wraiths
  8 yaks
  3 hogs (D:9)
  A human (D:9)
  Eustachio (D:4)
  A hungry ghost (D:10)
  3 wargs (D:10)
  A soldier ant (D:11)
  5 sky beasts
  A black bear (D:10)
  4 orc warriors
  5 ice beasts
  A slave (D:3)
  An eye of draining (D:14)
  4 phantoms
  6 ogres
  10 centaurs
  A bullfrog (D:11)
  Blork the orc (D:4)
  A water moccasin zombie (D:4)
  3 scorpions
  A water moccasin skeleton (D:8)
  9 wights
  2 howler monkeys
  5 crimson imps
  A centaur zombie (D:12)
  2 quasits (D:9)
  3 jellies
  A bullfrog zombie (D:4)
  4 hounds
  2 bullfrog skeletons (D:6)
  4 centaur skeletons
  2 orc priests
  5 iguanas
  11 orc wizards
  5 worker ants
  2 hound skeletons
  2 hound zombies
  A mummy (D:6)
  A howler monkey zombie (D:4)
  Robin (D:3)
  7 worker ant zombies
  3 gnolls (D:5)
  9 adders
  2 river rats (D:4)
  A shadow imp (D:7)
  5 adder zombies
  4 adder skeletons
  3 worms
  3 dart slugs
  5 leopard geckos
  43 orcs
  2 ball pythons
  2 bats
  5 giant cockroaches
  25 goblins
  6 hobgoblins
  7 jackals
  6 quokkas
  A frilled lizard (D:5)
  A giant cockroach zombie (D:4)
  A jackal skeleton (D:4)
  A jackal zombie (D:6)
  8 kobolds
  2 kobold zombies (D:6)
  A leopard gecko zombie (D:4)
  3 quokka skeletons
  2 quokka zombies
  10 rats
329 creatures vanquished.

Vanquished Creatures (others)
  An orc priest (D:4)
  An orc wizard (D:4)
  A bullfrog skeleton (D:4)
  An orc (D:4)
  A giant cockroach (D:4)
  A frilled lizard (D:4)
6 creatures vanquished.

Grand Total: 335 creatures vanquished

Notes
Turn   | Place    | Note
-------+----------+-------------------------------------------
     0 | D:1      | nuthulu the Gargoyle Fighter began the quest for the Orb.
     0 | D:1      | Reached XP level 1. HP: 14/14 MP: 1/1
    76 | D:1      | Reached XP level 2. HP: 7/19 MP: 2/2
   569 | D:1      | Reached XP level 3. HP: 24/24 MP: 3/3
   950 | D:2      | Upgraded the game from 0.25-a0-478-g33c61bdccf to
                  | 0.25-a0-1130-g3926558f3a
  1170 | D:2      | Reached skill level 3 in Maces & Flails
  1609 | D:2      | Found a shimmering altar of Xom.
  1662 | D:3      | Noticed an ice beast
  1673 | D:3      | HP: 1/24 [ice beast (11)]
  1676 | D:3      | Killed an ice beast
  1676 | D:3      | Reached skill level 5 in Fighting
  1676 | D:3      | Reached XP level 4. HP: 2/31 MP: 4/4
  1676 | D:3      | Reached XP level 5. HP: 2/35 MP: 5/5
  1990 | D:3      | Reached skill level 4 in Maces & Flails
  2120 | D:3      | Found a hide-covered altar of Uskayaw.
  2901 | D:3      | Reached XP level 6. HP: 40/40 MP: 6/6
  3058 | D:3      | Noticed Robin
  3145 | D:3      | Killed Robin
  3507 | D:4      | Noticed Blork the orc
  3509 | D:4      | Killed Blork the orc
  3524 | D:4      | Reached skill level 5 in Maces & Flails
  3748 | D:4      | Noticed a slave
  3749 | D:4      | Noticed Eustachio
  3829 | D:3      | Killed a slave
  3897 | D:4      | Killed Eustachio
  3897 | D:4      | Reached XP level 7. HP: 5/47 MP: 7/7
  4324 | D:4      | Found a staircase to the Ecumenical Temple.
  4345 | Temple   | Entered the Ecumenical Temple
  4416 | Temple   | Became a worshipper of Warmaster Okawaru
  4629 | D:4      | Found a shattered altar of Ashenzari.
  4652 | D:4      | You fall into a shaft and drop 2 floors!
  4689 | D:5      | Entered Level 5 of the Dungeon
  4702 | D:5      | Found a runed translucent gate.
  4702 | D:5      | Found a runed translucent gate.
  4702 | D:5      | Found a runed translucent gate.
  4761 | D:5      | Reached skill level 6 in Maces & Flails
  5007 | D:5      | Reached XP level 8. HP: 19/54 MP: 8/8
  5300 | D:5      | Reached * piety under Okawaru
  5359 | D:5      | Noticed Esekla's ghost (novice OpWz)
  5578 | D:5      | Reached skill level 7 in Maces & Flails
  5782 | D:4      | Noticed Pikel
  5802 | D:4      | Killed Pikel
  5802 | D:4      | Reached ** piety under Okawaru
  5802 | D:4      | Reached skill level 8 in Maces & Flails
  6451 | D:5      | Killed Esekla's ghost
  6451 | D:5      | Reached skill level 9 in Maces & Flails
  6451 | D:5      | Reached XP level 9. HP: 60/60 MP: 9/9
  6632 | D:6      | Found a basalt altar of Yredelemnul.
  6940 | D:6      | Noticed a gargoyle
  6949 | D:6      | Killed a gargoyle
  6949 | D:6      | Reached *** piety under Okawaru
  7119 | D:6      | Found a glowing golden altar of the Shining One.
  7168 | D:6      | Found a shadowy altar of Dithmenos.
  7797 | D:7      | Reached skill level 10 in Maces & Flails
  8381 | D:8      | Noticed a two-headed ogre
  8461 | D:7      | Killed a two-headed ogre
  8461 | D:7      | Reached **** piety under Okawaru
  8461 | D:7      | Reached skill level 10 in Fighting
  8461 | D:7      | Reached XP level 10. HP: 17/68 MP: 10/10
  8817 | D:8      | Noticed Prince Ribbit
  8825 | D:8      | Killed Prince Ribbit
  8825 | D:8      | Reached skill level 11 in Maces & Flails
  9126 | D:8      | Found a white marble altar of Elyvilon.
  9126 | D:8      | Found a radiant altar of Vehumet.
  9126 | D:8      | Found an opulent altar of Gozag.
  9654 | D:8      | Reached ***** piety under Okawaru
  9907 | D:9      | Found Qasaos's Assorted Antiques.
 10031 | D:9      | Found an ancient bone altar of Kikubaaqudgha.
 10133 | D:9      | Identified 2 scrolls of acquirement
 10134 | D:9      | Found the ring of Robustness {AC+8}
 10136 | D:9      | Got the ring of Robustness {AC+8}
 10140 | D:9      | Got the amulet of Tomorrow {Acrobat rPois rN+}
 10428 | D:9      | Found a staircase to the Orcish Mines.
 10467 | D:9      | Reached skill level 12 in Maces & Flails
 10512 | D:9      | Found a shimmering blue altar of Sif Muna.
 10708 | D:10     | Entered Level 10 of the Dungeon
 11263 | D:10     | Noticed a two-headed ogre
 11289 | D:10     | Killed a two-headed ogre
 11289 | D:10     | Received a gift from Okawaru
 11289 | D:10     | Reached XP level 11. HP: 49/75 MP: 3/11
 11407 | D:10     | Got an iridescent lajatang {god gift}
 11431 | D:10     | Got an encrusted rapier
 11550 | D:10     | Reached skill level 13 in Maces & Flails
 11701 | D:10     | Found a staircase to the Lair.
 11701 | D:10     | Noticed Erolcha
 11724 | D:10     | Killed Erolcha
 12683 | D:11     | Reached skill level 14 in Maces & Flails
 13252 | D:11     | Noticed a two-headed ogre
 13263 | D:11     | Killed a two-headed ogre
 13391 | D:11     | Reached XP level 12. HP: 81/82 MP: 4/12
 13706 | D:11     | Reached ****** piety under Okawaru
 14282 | D:12     | Received a gift from Okawaru
 14285 | D:12     | Got a sapphire morningstar {god gift}
 14286 | D:12     | Identified the +9 morningstar of the Stork {elec, rF+
                  | Int+3} (Okawaru gifted it to you on level 12 of the
                  | Dungeon)
 15070 | D:13     | Noticed a six-headed hydra
 15074 | D:13     | Noticed a centaur warrior
 15076 | D:13     | Noticed a seven-headed hydra
 15078 | D:13     | Found a hazy altar of Hepliaklqana.
 15091 | D:14     | Reached skill level 15 in Maces & Flails
 15252 | D:14     | Noticed a two-headed ogre
 15260 | D:14     | Killed a two-headed ogre
 15518 | D:14     | Noticed a two-headed ogre
 15525 | D:14     | Killed a two-headed ogre
 15734 | D:14     | Noticed a centaur warrior
 15744 | D:14     | Noticed a centaur warrior
 15745 | D:14     | Killed a centaur warrior
 15760 | D:14     | Killed a centaur warrior
 15760 | D:14     | Reached skill level 16 in Maces & Flails
 15776 | D:14     | Received a gift from Okawaru
 15783 | D:14     | Got an ancient hat {god gift}
 15794 | D:14     | Identified the +0 hat of Okheikoo {rElec rC- Int+7}
                  | (Okawaru gifted it to you on level 14 of the Dungeon)
 16148 | D:14     | Noticed an eight-headed hydra
 16148 | D:14     | Noticed a six-headed hydra
 16157 | D:14     | Noticed a tengu warrior
 16159 | D:14     | Killed an eight-headed hydra
 16163 | D:14     | Killed a six-headed hydra
 16171 | D:14     | HP: 4/82 [eight-headed hydra simulacrum[a necromancer]
                  | (13)]
 16171 | D:14     | Slain by an eight-headed hydra simulacrum

Illustrated notes

Levels and vault maps discovered:
D:1:      tarquinn_simple_flora_water_e, layout_basic
D:2:      layout_rooms, tgw_xom
D:3:      kennysheep_goblin_castle, layout_rooms, lemuel_coloured_pillars_altar
D:4:      layout_rooms, ashenzari_altar_1, minmay_temple_entry_stoned_glass,
          serial_undead, serial_undead_e, serial_undead_d, serial_undead_a,
          serial_undead_c, serial_undead_d, serial_undead_f, serial_undead_d,
          serial_undead_f, portal_sewer_entry_c, uniq_eustachio, uniq_pikel,
          uniq_blork_the_orc
D:5:      layout_basic, gammafunk_ghost_necromancy, first_ration,
          corexii_corridor_pit
D:6:      layout_loops_ring, yredelemnul_altar_generic,
          overflow_temple_1_default, nicolae_ossuary_entry_giza,
          nicolae_tso_swordbearing_angel
D:7:      layout_loops_corners, chequers_serial_rivers_micro_b
D:8:      layout_gridville, gammafunk_temple_overflow_forgotten, serial_glass,
          glass_columns_a, glass_columns_b, uniq_psyche, uniq_prince_ribbit1
D:9:      layout_roguey, kennysheep_little_box, overflow_temple_1_default,
          serial_shops, shop, grunt_livestock, st_stairs_10
D:10:     layout_basic, erik_lair_orcish_takeover, uniq_erolcha
D:11:     layout_loops_ring
D:12:     minmay_klotski, layout_basic
D:13:     layout_basic, serial_shops, shop, basic_altar, minivault_16,
          minmay_checkered_concentric_circles
D:14:     minmay_the_grid_3x2 [minmay_the_grid_fan,
          minmay_the_grid_stretched_grid, minmay_the_grid_embedded,
          minmay_the_grid_holed_spiral, minmay_the_grid_diamond_grid,
          minmay_the_grid_prize_shrinking_boxes], layout_cave_pods,
          david_vaults_1
Temple:   minmay_temple_curvy_loop

Skill      XL: |  1  2  3  4  5  6  7  8  9 10 11 12 |
---------------+-------------------------------------+-----
Fighting       | 5 6 7 9 10 11 12 | 12.9
Maces & Flails | 3 4 5 6 9 10 12 14 16 | 16.3
Armour         | 4 |  4.4
Shields        | 4 |  4.4

Action                   |  1- 3 |  4- 6 |  7- 9 | 10-12 || total
-------------------------+-------+-------+-------+-------++-------
Melee: Flail             |   144 |   263 |   349 |   781 ||  1537
       Morningstar       |       |       |       |   138 ||   138
Invok: Heroism           |       |       |       |     1 ||     1
       Finesse           |       |       |       |     1 ||     1
  Use: Scroll            |     7 |       |     8 |    11 ||    26
       Potion            |       |     1 |     3 |       ||     4
  Eat: Chunk             |     3 |     6 |     9 |    13 ||    31
       Ration            |       |     1 |     1 |     4 ||     6
Armor: Scale mail        |    68 |   298 |   141 |       ||   507
       Plate armour      |       |       |    28 |   583 ||   611
Dodge: Dodged            |    42 |   144 |    77 |   177 ||   440
Block: Kite shield       |    86 |   264 |   150 |   440 ||   940

Table legend:
 A = Non-vault XP
 B = Vault XP
 C = Vault XP percentage of total XP
 D = Non-vault monster count
 E = Vault monster count
 F = Vault count percentage of total count
                 A         B        C        D         E       F
            +---------+---------+-------+---------+---------+-------
      Total |   20827 |   10405 |  33.3 |     245 |      83 |  25.3
            +---------+---------+-------+---------+---------+-------
        D:1 |      40 |       0 |   0.0 |      21 |       0 |   0.0
        D:2 |      38 |      10 |  20.8 |      20 |       5 |  20.0
        D:3 |     232 |      52 |  18.3 |      15 |      20 |  57.1
        D:4 |      49 |    1223 |  96.1 |       4 |      21 |  84.0
        D:5 |     648 |     542 |  45.5 |      26 |       5 |  16.1
        D:6 |     837 |      20 |   2.3 |      11 |       3 |  21.4
        D:7 |    1108 |       0 |   0.0 |      13 |       0 |   0.0
        D:8 |    1620 |     277 |  14.6 |      25 |       1 |   3.8
        D:9 |     798 |    1344 |  62.7 |      20 |       9 |  31.0
       D:10 |    4685 |    1569 |  25.1 |      28 |       9 |  24.3
       D:11 |    4507 |       0 |   0.0 |      37 |       0 |   0.0
       D:12 |    1131 |       0 |   0.0 |      10 |       0 |   0.0
       D:13 |     507 |       0 |   0.0 |       1 |       0 |   0.0
       D:14 |    4627 |    5368 |  53.7 |      14 |      10 |  41.7
            +---------+---------+-------+---------+---------+-------
